[ AOE2 MATCH · #506930644 ]
UnrankedHindustanis vs Malians
Rival team · LOSS
[ REPLAY ANALYSIS · EXTRACTED FROM THE RECORDED GAME ]
Feudal
8:25
Castle
18:43
Imperial
35:46
| APM avg | 65.5 |
| APM peak | 134 |
| eAPM avg | 37.9 |
| Villagers / military | 185 / 195 |
Focus
⚔️ 46.1% · 🌾 53.9%
Cavalry Archer ×71 · Scout Cavalry ×61 · Archer ×39 · Trebuchet (Packed) ×8 · Monk ×5 · Ghulam ×4
Feudal
9:15
Castle
19:26
Imperial
39:53
| APM avg | 60.6 |
| APM peak | 96 |
| eAPM avg | 38.7 |
| Villagers / military | 216 / 238 |
Focus
⚔️ 54.5% · 🌾 45.5%
Militia ×108 · Skirmisher ×88 · Battering Ram ×10 · Mangonel ×8 · Gbeto ×7 · Scorpion ×4
Match map
Initial resources + every placement click. Lines = walls · curves = elevation contours. ◆ gold · ⬟ stone · ● berries · ✦ relic · ◌ wall gap
Your base· Open — 4t gap
No more T1LT's base· Open — unwalled flank
Smoothed initial terrain · ◌ = detected wall gap · hover for details
Inputs per minute
— CNZS_迷你车仁 - - No more T1LT
Build order — CNZS_迷你车仁
First 150 of 618 actions detected
| 0:00 | Queue | Villager (Male) |
| 0:00 | Queue | Villager (Male) |
| 0:01 | Build | House |
| 0:02 | Build | House |
| 0:12 | Queue | Villager (Male) |
| 0:12 | Queue | Villager (Male) |
| 0:12 | Queue | Villager (Male) |
| 1:07 | Queue | Villager (Male) |
| 1:08 | Queue | Villager (Male) |
| 1:41 | Queue | Villager (Male) |
| 1:41 | Queue | Villager (Male) |
| 1:47 | Build | Lumber Camp |
| 2:00 | Queue | Villager (Male) |
| 2:00 | Queue | Villager (Male) |
| 2:11 | Queue | Villager (Male) |
| 2:11 | Queue | Villager (Male) |
| 2:42 | Queue | Villager (Male) |
| 2:42 | Queue | Villager (Male) |
| 3:07 | Queue | Villager (Male) |
| 3:35 | Queue | Villager (Male) |
| 3:35 | Queue | Villager (Male) |
| 3:36 | Queue | Villager (Male) |
| 3:37 | Build | House |
| 3:42 | Build | House |
| 4:09 | Build | Palisade Wall |
| 4:27 | Queue | Villager (Male) |
| 4:27 | Queue | Villager (Male) |
| 4:29 | Queue | Villager (Male) |
| 4:29 | Queue | Villager (Male) |
| 5:02 | Build | Mill |
| 5:08 | Queue | Villager (Male) |
| 5:08 | Queue | Villager (Male) |
| 5:49 | Research | Loom |
| 5:58 | Build | Palisade Wall |
| 6:08 | Research | Feudal Age |
| 6:08 | Research | Feudal Age |
| 7:06 | Build | Palisade Wall |
| 7:07 | Build | Palisade Wall |
| 7:07 | Build | Palisade Wall |
| 7:09 | Build | Palisade Wall |
| 7:10 | Build | Palisade Wall |
| 7:10 | Build | Palisade Wall |
| 7:11 | Build | Palisade Wall |
| 7:11 | Build | Palisade Wall |
| 7:12 | Build | Palisade Wall |
| 7:12 | Build | Palisade Wall |
| 7:20 | Build | Palisade Wall |
| 7:21 | Build | Palisade Wall |
| 7:21 | Build | Palisade Wall |
| 7:23 | Build | Palisade Wall |
| 7:24 | Build | Palisade Wall |
| 7:24 | Build | Palisade Wall |
| 7:48 | Build | Barracks |
| 8:25 | Age | Feudal Age |
| 8:26 | Queue | Villager (Male) |
| 8:27 | Queue | Villager (Male) |
| 8:28 | Research | Double-Bit Axe |
| 8:29 | Research | Double-Bit Axe |
| 8:30 | Research | Horse Collar |
| 8:41 | Queue | Spearman |
| 9:10 | Queue | Villager (Male) |
| 9:10 | Queue | Villager (Male) |
| 9:11 | Queue | Villager (Male) |
| 9:45 | Build | Archery Range |
| 9:54 | Build | House |
| 9:58 | Build | House |
| 10:02 | Queue | Villager (Male) |
| 10:05 | Queue | Villager (Male) |
| 10:24 | Build | Mining Camp |
| 10:38 | Queue | Archer |
| 10:38 | Queue | Archer |
| 10:59 | Build | House |
| 11:16 | Build | Farm |
| 11:18 | Build | Farm |
| 11:19 | Queue | Villager (Male) |
| 11:19 | Queue | Villager (Male) |
| 11:19 | Queue | Villager (Male) |
| 11:32 | Build | House |
| 11:44 | Build | Farm |
| 11:45 | Queue | Villager (Male) |
| 11:45 | Queue | Villager (Male) |
| 11:45 | Queue | Villager (Male) |
| 11:49 | Queue | Archer |
| 11:49 | Queue | Archer |
| 12:04 | Queue | Archer |
| 12:04 | Queue | Archer |
| 12:04 | Queue | Archer |
| 12:18 | Build | Farm |
| 12:19 | Queue | Villager (Male) |
| 12:41 | Build | Farm |
| 12:41 | Queue | Villager (Male) |
| 13:04 | Queue | Villager (Male) |
| 13:08 | Research | Town Watch |
| 13:08 | Research | Town Watch |
| 13:18 | Build | Blacksmith |
| 13:21 | Queue | Villager (Male) |
| 13:35 | Queue | Archer |
| 13:45 | Queue | Archer |
| 14:08 | Research | Fletching |
| 14:10 | Queue | Villager (Male) |
| 14:11 | Build | Farm |
| 14:12 | Queue | Villager (Male) |
| 14:14 | Build | Farm |
| 14:23 | Queue | Villager (Male) |
| 14:29 | Queue | Archer |
| 14:44 | Build | Farm |
| 15:03 | Build | Farm |
| 15:05 | Build | Farm |
| 15:13 | Queue | Archer |
| 15:14 | Queue | Villager (Male) |
| 15:31 | Build | House |
| 16:02 | Build | Lumber Camp |
| 16:03 | Research | Castle Age |
| 16:03 | Research | Castle Age |
| 16:05 | Build | Lumber Camp |
| 16:17 | Build | Archery Range |
| 16:36 | Queue | Archer |
| 16:36 | Queue | Archer |
| 16:49 | Build | Farm |
| 16:57 | Research | Gold Mining |
| 16:57 | Research | Gold Mining |
| 16:58 | Queue | Archer |
| 16:58 | Queue | Archer |
| 17:00 | Research | Padded Archer Armor |
| 17:01 | Research | Padded Archer Armor |
| 17:13 | Queue | Archer |
| 17:13 | Queue | Archer |
| 17:27 | Queue | Archer |
| 17:27 | Queue | Archer |
| 17:47 | Queue | Archer |
| 17:47 | Queue | Archer |
| 18:11 | Queue | Villager (Male) |
| 18:22 | Queue | Archer |
| 18:22 | Queue | Archer |
| 18:34 | Build | House |
| 18:43 | Age | Castle Age |
| 18:44 | Build | Town Center |
| 18:47 | Research | Crossbowman (upgrade) |
| 18:53 | Research | Bow Saw |
| 19:10 | Queue | Villager (Male) |
| 19:10 | Queue | Villager (Male) |
| 19:31 | Research | Bodkin Arrow |
| 19:31 | Research | Bodkin Arrow |
| 19:40 | Build | Town Center |
| 19:51 | Queue | Archer |
| 19:51 | Queue | Archer |
| 19:51 | Queue | Archer |
| 20:05 | Queue | Villager (Male) |
| 20:10 | Queue | Villager (Male) |
| 20:10 | Queue | Villager (Male) |
Build order — No more T1LT
First 150 of 547 actions detected
| 0:00 | Queue | Villager (Male) |
| 0:00 | Queue | Villager (Male) |
| 0:02 | Build | House |
| 0:02 | Build | House |
| 0:04 | Queue | Villager (Male) |
| 0:07 | Queue | Villager (Male) |
| 1:28 | Queue | Villager (Male) |
| 1:53 | Build | Lumber Camp |
| 2:04 | Queue | Villager (Male) |
| 2:04 | Queue | Villager (Male) |
| 2:15 | Queue | Villager (Male) |
| 2:15 | Queue | Villager (Male) |
| 2:49 | Queue | Villager (Male) |
| 3:10 | Queue | Villager (Male) |
| 3:35 | Queue | Villager (Male) |
| 3:51 | Build | House |
| 3:56 | Queue | Villager (Male) |
| 3:56 | Queue | Villager (Male) |
| 4:01 | Queue | Villager (Male) |
| 4:01 | Queue | Villager (Male) |
| 4:18 | Build | Barracks |
| 4:25 | Queue | Villager (Male) |
| 5:02 | Queue | Villager (Male) |
| 5:06 | Queue | Villager (Male) |
| 5:08 | Build | House |
| 5:43 | Queue | Villager (Male) |
| 5:59 | Research | Loom |
| 6:59 | Build | Mill |
| 7:04 | Research | Feudal Age |
| 7:04 | Research | Feudal Age |
| 7:28 | Queue | Militia |
| 7:28 | Queue | Militia |
| 7:29 | Queue | Militia |
| 7:46 | Queue | Militia |
| 8:25 | Queue | Militia |
| 8:26 | Queue | Villager (Male) |
| 8:33 | Build | House |
| 8:58 | Queue | Villager (Male) |
| 9:04 | Build | House |
| 9:15 | Age | Feudal Age |
| 9:25 | Build | Archery Range |
| 9:28 | Research | Double-Bit Axe |
| 9:29 | Queue | Villager (Male) |
| 9:36 | Build | House |
| 9:42 | Research | Horse Collar |
| 9:49 | Queue | Spearman |
| 10:07 | Build | Palisade Wall |
| 10:14 | Queue | Villager (Male) |
| 10:31 | Queue | Archer |
| 10:32 | Queue | Villager (Male) |
| 10:41 | Build | Mining Camp |
| 10:46 | Build | Palisade Wall |
| 10:52 | Queue | Villager (Male) |
| 11:16 | Build | Lumber Camp |
| 11:17 | Queue | Villager (Male) |
| 11:20 | Build | Palisade Wall |
| 11:33 | Build | House |
| 11:36 | Build | Palisade Wall |
| 11:37 | Build | Palisade Wall |
| 11:48 | Build | Palisade Wall |
| 11:57 | Build | House |
| 12:08 | Queue | Villager (Male) |
| 12:12 | Build | Farm |
| 12:20 | Build | Farm |
| 12:21 | Build | House |
| 12:22 | Queue | Archer |
| 12:27 | Queue | Villager (Male) |
| 12:41 | Build | Farm |
| 12:52 | Queue | Villager (Male) |
| 12:57 | Build | House |
| 13:09 | Build | Farm |
| 13:12 | Build | Farm |
| 13:16 | Queue | Villager (Male) |
| 13:19 | Build | Farm |
| 13:33 | Build | Palisade Wall |
| 13:43 | Build | Farm |
| 13:43 | Queue | Villager (Male) |
| 13:49 | Build | Farm |
| 14:16 | Queue | Villager (Male) |
| 14:17 | Build | Farm |
| 14:18 | Build | Farm |
| 14:26 | Build | Farm |
| 14:34 | Queue | Villager (Male) |
| 14:43 | Build | Farm |
| 14:49 | Build | Farm |
| 14:57 | Queue | Villager (Male) |
| 15:07 | Build | Farm |
| 15:18 | Build | Farm |
| 15:28 | Research | Wheelbarrow |
| 16:00 | Build | Blacksmith |
| 16:37 | Research | Castle Age |
| 16:37 | Research | Castle Age |
| 16:39 | Build | Barracks |
| 16:59 | Build | Farm |
| 17:18 | Research | Gold Mining |
| 17:20 | Queue | Militia |
| 17:47 | Queue | Villager (Male) |
| 17:54 | Build | Farm |
| 18:06 | Research | Man-at-Arms (upgrade) |
| 18:07 | Research | Scale Mail Armor |
| 18:10 | Queue | Militia |
| 18:36 | Queue | Militia |
| 18:36 | Queue | Militia |
| 18:43 | Build | House |
| 18:44 | Build | House |
| 19:14 | Queue | Militia |
| 19:14 | Queue | Militia |
| 19:16 | Queue | Villager (Male) |
| 19:26 | Age | Castle Age |
| 19:27 | Build | Siege Workshop |
| 19:28 | Research | Long Swordsman (upgrade) |
| 19:35 | Research | Squires |
| 19:37 | Queue | Villager (Male) |
| 19:39 | Build | Farm |
| 19:46 | Build | Market |
| 19:49 | Build | Siege Workshop |
| 20:05 | Queue | Villager (Male) |
| 20:16 | Queue | Battering Ram |
| 20:19 | Build | House |
| 20:20 | Queue | Villager (Male) |
| 20:29 | Queue | Scorpion |
| 20:44 | Queue | Villager (Male) |
| 20:57 | Queue | Scorpion |
| 21:18 | Queue | Villager (Male) |
| 21:29 | Queue | Villager (Male) |
| 21:31 | Queue | Scorpion |
| 21:47 | Research | Chain Mail Armor |
| 22:08 | Queue | Villager (Male) |
| 22:26 | Queue | Mangonel |
| 22:28 | Queue | Villager (Male) |
| 22:29 | Queue | Scorpion |
| 22:37 | Build | House |
| 22:42 | Queue | Villager (Male) |
| 22:50 | Build | House |
| 22:57 | Build | Outpost |
| 22:59 | Build | Town Center |
| 23:08 | Queue | Villager (Male) |
| 23:14 | Queue | Villager (Male) |
| 23:22 | Research | Town Watch |
| 23:22 | Queue | Militia |
| 23:23 | Queue | Militia |
| 23:25 | Build | Farm |
| 23:27 | Build | Farm |
| 23:38 | Queue | Villager (Male) |
| 23:46 | Queue | Mangonel |
| 24:12 | Queue | Villager (Male) |
| 24:25 | Queue | Villager (Male) |
| 24:58 | Queue | Villager (Male) |
| 25:00 | Queue | Militia |
| 25:00 | Queue | Militia |
Match timeline
| 4:09 | CNZS_迷你车仁 · wall_segment Palisade Wall x1 |
| 4:18 | No more T1LT · first_building Barracks |
| 5:58 | CNZS_迷你车仁 · wall_segment Palisade Wall x9 |
| 7:06 | CNZS_迷你车仁 · wall_segment Palisade Wall x1 |
| 7:07 | CNZS_迷你车仁 · wall_segment Palisade Wall x1 |
| 7:07 | CNZS_迷你车仁 · wall_segment Palisade Wall x1 |
| 7:09 | CNZS_迷你车仁 · wall_segment Palisade Wall x1 |
| 7:10 | CNZS_迷你车仁 · wall_segment Palisade Wall x1 |
| 7:10 | CNZS_迷你车仁 · wall_segment Palisade Wall x1 |
| 7:11 | CNZS_迷你车仁 · wall_segment Palisade Wall x1 |
| 7:11 | CNZS_迷你车仁 · wall_segment Palisade Wall x1 |
| 7:12 | CNZS_迷你车仁 · wall_segment Palisade Wall x1 |
| 7:12 | CNZS_迷你车仁 · wall_segment Palisade Wall x1 |
| 7:20 | CNZS_迷你车仁 · wall_segment Palisade Wall x1 |
| 7:21 | CNZS_迷你车仁 · wall_segment Palisade Wall x1 |
| 7:21 | CNZS_迷你车仁 · wall_segment Palisade Wall x1 |
| 7:23 | CNZS_迷你车仁 · wall_segment Palisade Wall x1 |
| 7:24 | CNZS_迷你车仁 · wall_segment Palisade Wall x1 |
| 7:24 | CNZS_迷你车仁 · wall_segment Palisade Wall x1 |
| 7:48 | CNZS_迷你车仁 · first_building Barracks |
| 8:25 | CNZS_迷你车仁 · age_up feudal |
| 9:15 | No more T1LT · age_up feudal |
| 9:25 | No more T1LT · first_building Archery Range |
| 9:45 | CNZS_迷你车仁 · first_building Archery Range |
| 10:07 | No more T1LT · wall_segment Palisade Wall x8 |
| 10:46 | No more T1LT · wall_segment Palisade Wall x5 |
| 11:20 | No more T1LT · wall_segment Palisade Wall x5 |
| 11:36 | No more T1LT · wall_segment Palisade Wall x7 |
| 11:37 | No more T1LT · wall_segment Palisade Wall x8 |
| 11:48 | No more T1LT · wall_segment Palisade Wall x1 |
| 13:33 | No more T1LT · wall_segment Palisade Wall x8 |
| 18:43 | CNZS_迷你车仁 · age_up castle |
| 19:26 | No more T1LT · age_up castle |
| 19:27 | No more T1LT · first_building Siege Workshop |
| 20:59 | CNZS_迷你车仁 · first_building Siege Workshop |
| 24:00 | CNZS_迷你车仁 · first_building Monastery |
| 25:20 | CNZS_迷你车仁 · first_building Stable |
| 27:30 | CNZS_迷你车仁 · first_market_sell 100 wood |
| 27:31 | CNZS_迷你车仁 · first_market_buy 100 stone |
| 28:56 | CNZS_迷你车仁 · wall_segment Stone Wall x6 |
| 28:58 | CNZS_迷你车仁 · wall_segment Stone Wall x6 |
| 31:48 | CNZS_迷你车仁 · wall_segment Stone Wall x1 |
| 31:59 | No more T1LT · first_market_buy 100 wood |
| 32:01 | No more T1LT · first_building Monastery |
| 32:59 | No more T1LT · first_building Castle |
| 34:26 | No more T1LT · first_building Stable |
| 34:59 | CNZS_迷你车仁 · first_building Castle |
| 35:46 | CNZS_迷你车仁 · age_up imperial |
| 36:42 | No more T1LT · first_market_sell 100 food |
| 37:13 | CNZS_迷你车仁 · wall_segment Stone Wall x1 |
| 38:29 | No more T1LT · wall_segment Stone Wall x1 |
| 38:35 | No more T1LT · wall_segment Stone Wall x1 |
| 39:53 | No more T1LT · age_up imperial |
| 51:47 | No more T1LT · resign |
[ AI ANALYSIS · 1 CREDIT ]
What really happened in this match?
Wolo.gg analyzes every decision: build order, eco, micro, common mistakes by bracket. Personalized analysis on WhatsApp or Discord in 30 seconds.
Civ guide
Hindustanis
Perfil
Jugador #5036165